 Dungeon Sprint DCSS version 0.29-a0-700-g2f1814c7b2 (webtiles) character file.

Game seed: 18270676118916361009

100 mhtbhm the Covert (level 4, 0/33 HPs)
             Began as a Spriggan Enchanter on June 25, 2022.
             Killed by divine providence
             ... invoked by an orc priest
              (9 damage)
             ... in the Dungeon (Sprint IX: "|||||||||||||||||||||||||||||").
             The game lasted 00:00:32 (531 turns).

mhtbhm the Covert (Spriggan Enchanter)               Turns: 531, Time: 00:00:33

Health: 0/33       AC:  2    Str:  4    XL:     4   Next: 46%
Magic:  6/11       EV: 19    Int: 16    God:
Gold:   0          SH:  0    Dex: 17    Spells: 12/12 levels left

rFire   . . .      SeeInvis +   a - +1 dagger
rCold   . . .      Faith    .   (no shield)
rNeg    . . .      Spirit   .   b - +0 robe
rPois   .          Reflect  .   (helmet restricted)
rElec   .          Harm     .   (no cloak)
rCorr   .          Rampage  .   (gloves unavailable)
Will    .....      NoTele   +   (boots unavailable)
Stlth   ..........              (no amulet)
HPRegen 0.11/turn               (no ring)
MPRegen 0.12/turn               (no ring)

@: berserking (expiring), very quick
A: very small, no large weapons, unfitting armour, see invisible, speed 3
a: no special abilities


You were in the Dungeon.
You visited 1 branch

Inventory:

Hand Weapons
 a - a +1 dagger (weapon)
Armour
 b - a +0 robe (worn)
Scrolls
 i - a scroll of blinking
Potions
 c - 2 potions of invisibility
 d - a potion of curing
 e - a potion of heal wounds
 f - a potion of haste
 g - 2 potions of magic


   Skills:
 + Level 1.0 Fighting
 + Level 3.3 Short Blades
 + Level 4.4 Dodging
 + Level 8.5 Stealth
 + Level 4.5 Spellcasting
 + Level 7.3 Hexes


You had 12 spell levels left.
You didn't know any spells.
Your spell library contained the following spells:

 Spells                   Type           Power      Damage    Failure   Level
 Confusing Touch          Hex            27%        N/A       2%          3
 Tukima's Dance           Hex            27%        N/A       2%          3
 Ensorcelled Hibernation  Hex/Ice        30%        N/A       5%          2
 Dazzling Flash           Conj/Hex       30%        N/A       11%         3


Dungeon Overview and Level Annotations

Branches:
Dungeon (1/1)

Altars:


Innate Abilities, Weirdness & Mutations

You are very small and have problems with some larger weapons.
You are too small for most types of armour.
You have supernaturally acute eyesight. (SInv)
You cover ground extremely quickly. (Speed+++)


Message History

You kill the scorpion!
Your Short Blades skill increases to level 2!
Your Dodging skill increases to level 4!
Your Stealth skill gained 2 levels and is now at level 7!
Your Spellcasting skill increases to level 4!
Your Hexes skill gained 2 levels and is now at level 6!
You have reached level 2!
You have reached level 3!
Your experience leads to an increase in your attributes!
Increase (S)trength, (I)ntelligence, or (D)exterity?
You feel agile. x2
You puncture the jelly!
Your hands burn!
* * * LOW HITPOINT WARNING * * *
The jelly is severely wounded.
The jelly barely misses you. The orc closely misses you.
You puncture the jelly!
You kill the jelly!
Your Fighting skill increases to level 1!
Your Short Blades skill increases to level 3!
Your Stealth skill increases to level 8!
Your Hexes skill increases to level 7!
You have reached level 4!
The orc hits you but does no damage.
You hit the orc.
The orc is heavily wounded.
You closely miss the orc.
The orc is heavily wounded.
The orc barely misses you.
You closely miss the orc.
The orc is heavily wounded.
You closely miss the orc.
The orc is heavily wounded.
The orc barely misses you.
You puncture the orc!
You kill the orc!
Unknown command.
You barely miss the adder.
The orc priest calls down the wrath of Beogh upon you.
Beogh smites you!
You die... ▓▓▓▓▓▓▓▓▓▓▓▓▓▓▓▓▓▓ ▓<...'÷)@S.o....o+ ▓▓▓▓▓▓▓▓▓▓▓▓▓▓▓▓▓▓

You could see an orc priest and an adder.

Vanquished Creatures
  A scorpion (D)
  A jelly (D)
  An orc (D)
  An endoplasm (D)
  A kobold (D)
  A ball python (D)
  A frilled lizard (D)
  A rat (D)
8 creatures vanquished.

Notes
Turn   | Place    | Note
-------+----------+-------------------------------------------
     0 | D        | mhtbhm the Spriggan Enchanter began the quest for the Orb.
     0 | D        | Reached XP level 1. HP: 9/9 MP: 5/5
    13 | D        | Reached skill level 5 in Stealth
   317 | D        | Noticed a scorpion
   317 | D        | Noticed a jelly
   317 | D        | Noticed an orc priest
   521 | D        | Killed a scorpion
   522 | D        | Reached skill level 7 in Stealth
   522 | D        | Reached XP level 2. HP: 8/14 MP: 6/8
   522 | D        | Reached XP level 3. HP: 9/17 MP: 6/9
   525 | D        | Reached skill level 1 in Fighting
   525 | D        | Reached skill level 8 in Stealth
   525 | D        | Reached XP level 4. HP: 9/22 MP: 6/11
   531 | D        | Killed from afar by an orc priest

Illustrated notes

Levels and vault maps discovered:
D:        linesprint [early_d, line_temple, items_1, d_10, items_2, lair_1,
          lair_end, items_3, orc_1, orc_end, items_4, d_15, swamp_1, shoals_1,
          snake_1, spider_1, d_20, vaults_1, items_5, swamp_end, shoals_end,
          snake_end, spider_end, vaults_end, d_27, items_6, zot_1, zot_end,
          crypt_end, forest_end, elf_end, slime_end, tomb_end, abyss_end,
          pan_hell_end]

Skill      XL: |  1  2  3 |
---------------+----------+-----
Stealth        | 7 8 |  8.5
Hexes          | 6 7 |  7.3
Spellcasting   | 4 |  4.5
Dodging        | 4 |  4.4
Short Blades   | 2 3 |  3.3
Fighting       | 1 |  1.0

Action                   |  1- 3 |  4- 6 || total
-------------------------+-------+-------++-------
Melee: Dagger            |    21 |     6 ||    27
       Punch             |     1 |       ||     1
  Use: Potion            |     1 |       ||     1
 Stab: Sleeping          |     1 |       ||     1
Armor: Robe              |     1 |     1 ||     2
Dodge: Dodged            |    12 |     2 ||    14

Table legend: (Time is in decaauts)
 A = Elapsed time spent in this place.
 B = Non-inter-level travel time spent in this place.
 C = Inter-level travel time spent in this place.
 D = Time resting spent in this place.
 E = Time spent auto-exploring this place.
 F = Levels seen in this place.
 G = Mean time per level.
                   A        B        C        D        E       F      G
               +--------+--------+--------+--------+--------+-----+--------+
         Total |    513 |    513 |      0 |    467 |      0 |   1 |  513.0 |
       Dungeon |    513 |    513 |      0 |    467 |      0 |   1 |  513.0 |
               +--------+--------+--------+--------+--------+-----+--------+

Top non-repeatable levels by time:
       D: 513 daAuts
